AoeStats
← MattAtArms

Arabia

512235786Analyzed
1v1 RM · 7d ago on Oct 8, 2026· 41m 29s· 2 players
Game mode
Random Map
Map size
Tiny (2 player)
Population
200
Speed
Normal
Resources
Standard
Victory
Conquest
Starting age
Dark Age
Ending age
Imperial Age
RankedLock teamsTeams togetherTeam positionsShared explorationLock speedFull tech treeHidden civsTurbo modeCheats
Victory
Defeat
🇦🇷 Berbers · Argentina
1902
+18
vs
🇬🇧 Burgundians · United Kingdom
1955
-18
randomciv
7:09 Loom
9:20 Feudal Age
10:02 Man-at-Arms
11:07 Double-Bit Axe
15:19 Fletching
16:36 Padded Archer Armor
18:24 Horse Collar
23:00 Castle Age
21:12 Gold Mining
22:55 Bloodlines
22:51 Scale Barding Armor
24:00 Wheelbarrow
24:03 Bow Saw
25:11 Chain Barding Armor
29:26 Town Watch
36:33 Imperial Age
34:35 Husbandry
34:57 Hand Cart
36:12 Forging
37:50 Plate Barding Armor
37:52 Iron Casting
37:19 Heavy Plow
37:51 Conscription
38:45 Crop Rotation
38:34 Cavalier
42:08 Ballistics
42:51 Blast Furnace
MattAtArms
3:07 Double-Bit Axe
9:18 Feudal Age
8:08 Loom
10:55 Bow Saw
14:09 Fletching
15:18 Padded Archer Armor
23:19 Castle Age
21:32 Gold Mining
22:56 Gold Shaft Mining
22:05 Horse Collar
23:20 Crossbowman
23:57 Bodkin Arrow
25:03 Two-Man Saw
25:17 Two-Man Saw
25:14 Heavy Plow
25:53 Wheelbarrow
25:04 Town Watch
31:06 Ballistics
35:56 Imperial Age
34:35 Hand Cart
34:23 Heavy Plow
35:11 Leather Archer Armor
37:40 Chemistry
36:45 Bracer
38:59 Scale Mail Armor
39:10 Forging
39:15 Pikeman
Connection lost

Rejoining the realm…

Still unreachable

The connection could not be restored.

Session expired

The server has moved on; the page needs a fresh start.